[ AOE2 MATCH · #507596851 ]
UnrankedSicilians vs Maya
Player's team · WIN
Rival team · LOSS
[ REPLAY ANALYSIS · EXTRACTED FROM THE RECORDED GAME ]
Feudal
—
Castle
—
Imperial
—
| APM avg | 45.4 |
| APM peak | 80 |
| eAPM avg | 25.8 |
| Villagers / military | 41 / 20 |
Focus
⚔️ 55.6% · 🌾 44.4%
Serjeant ×15 · Skirmisher ×4 · Spearman ×1
Feudal
—
Castle
—
Imperial
—
| APM avg | 31.6 |
| APM peak | 60 |
| eAPM avg | 16.6 |
| Villagers / military | 46 / 13 |
Focus
⚔️ 29.1% · 🌾 70.9%
Archer ×7 · Militia ×6
Match map
Initial resources + every placement click. Lines = walls · curves = elevation contours. ◆ gold · ⬟ stone · ● berries · ✦ relic · ◌ wall gap
Your base· ✓ Closed at 18:54 · 19t walls · 5 gate(s)
Matasariano9065's base· ✓ Closed at 12:00 · 0t walls · 2 gate(s) · fragile
Smoothed initial terrain · ◌ = detected wall gap · hover for details
Inputs per minute
— Ouivoilà - - Matasariano9065
Build order — Ouivoilà
120 actions detected in the replay
| 0:02 | Queue | Villager (Male) |
| 0:02 | Queue | Villager (Male) |
| 0:02 | Queue | Villager (Male) |
| 0:03 | Build | House |
| 0:05 | Build | House |
| 0:23 | Queue | Villager (Male) |
| 1:35 | Queue | Villager (Male) |
| 1:44 | Build | Lumber Camp |
| 2:02 | Queue | Villager (Male) |
| 2:02 | Queue | Villager (Male) |
| 2:02 | Queue | Villager (Male) |
| 2:35 | Queue | Villager (Male) |
| 3:14 | Queue | Villager (Male) |
| 3:38 | Queue | Villager (Male) |
| 3:49 | Build | House |
| 4:03 | Queue | Villager (Male) |
| 4:21 | Queue | Villager (Male) |
| 4:26 | Build | House |
| 4:30 | Queue | Villager (Male) |
| 5:15 | Queue | Villager (Male) |
| 5:16 | Queue | Villager (Male) |
| 5:34 | Queue | Villager (Male) |
| 5:56 | Build | Donjon |
| 6:05 | Queue | Villager (Male) |
| 6:05 | Queue | Villager (Male) |
| 6:27 | Build | Mining Camp |
| 7:03 | Research | Loom |
| 7:25 | Research | Feudal Age |
| 7:28 | Build | Mill |
| 8:22 | Build | House |
| 8:55 | Queue | Villager (Male) |
| 9:25 | Build | Palisade Wall |
| 9:44 | Queue | Serjeant |
| 9:44 | Queue | Serjeant |
| 9:45 | Queue | Serjeant |
| 9:53 | Build | Palisade Wall |
| 9:53 | Build | Palisade Wall |
| 10:09 | Queue | Villager (Male) |
| 10:09 | Queue | Villager (Male) |
| 10:17 | Build | Palisade Wall |
| 10:21 | Build | Palisade Wall |
| 10:26 | Build | Palisade Wall |
| 10:31 | Queue | Serjeant |
| 10:37 | Queue | Villager (Male) |
| 10:41 | Build | House |
| 10:46 | Research | Double-Bit Axe |
| 10:47 | Research | Horse Collar |
| 10:47 | Research | Horse Collar |
| 11:04 | Queue | Serjeant |
| 11:05 | Queue | Serjeant |
| 11:11 | Build | Palisade Wall |
| 11:17 | Build | Palisade Wall |
| 11:32 | Queue | Serjeant |
| 11:32 | Queue | Serjeant |
| 11:34 | Queue | Villager (Male) |
| 11:44 | Build | House |
| 11:51 | Build | Donjon |
| 11:54 | Queue | Serjeant |
| 12:12 | Queue | Villager (Male) |
| 12:23 | Build | Archery Range |
| 12:42 | Queue | Villager (Male) |
| 12:43 | Queue | Villager (Male) |
| 12:50 | Build | House |
| 13:05 | Build | Farm |
| 13:06 | Build | Farm |
| 13:19 | Queue | Villager (Male) |
| 13:20 | Queue | Skirmisher |
| 13:38 | Queue | Skirmisher |
| 13:51 | Build | Farm |
| 13:52 | Build | Farm |
| 13:55 | Build | Farm |
| 13:56 | Build | Farm |
| 13:58 | Queue | Villager (Male) |
| 14:00 | Build | Farm |
| 14:02 | Build | Farm |
| 14:13 | Queue | Skirmisher |
| 14:28 | Build | Farm |
| 14:33 | Queue | Villager (Male) |
| 14:36 | Build | House |
| 14:50 | Queue | Villager (Male) |
| 15:07 | Build | House |
| 15:17 | Queue | Spearman |
| 15:21 | Queue | Skirmisher |
| 15:21 | Queue | Villager (Male) |
| 15:27 | Build | House |
| 15:30 | Queue | Villager (Male) |
| 15:59 | Build | Blacksmith |
| 15:59 | Queue | Villager (Male) |
| 16:13 | Queue | Villager (Male) |
| 16:15 | Build | Farm |
| 16:37 | Queue | Villager (Male) |
| 16:38 | Build | Farm |
| 16:54 | Build | House |
| 17:03 | Research | Scale Mail Armor |
| 17:06 | Queue | Villager (Male) |
| 17:07 | Build | Farm |
| 17:10 | Build | Farm |
| 17:25 | Queue | Villager (Male) |
| 17:47 | Build | Market |
| 18:10 | Queue | Villager (Male) |
| 18:12 | Build | Farm |
| 18:13 | Build | Farm |
| 18:27 | Build | Farm |
| 18:54 | Research | Castle Age |
| 18:54 | Research | Castle Age |
| 19:02 | Build | Barracks |
| 19:23 | Queue | Serjeant |
| 19:24 | Queue | Serjeant |
| 19:52 | Queue | Serjeant |
| 19:52 | Queue | Serjeant |
| 20:05 | Research | Fletching |
| 20:21 | Build | House |
| 20:30 | Research | Forging |
| 20:59 | Build | Farm |
| 21:02 | Research | Arson |
| 21:07 | Queue | Serjeant |
| 21:08 | Queue | Serjeant |
| 21:37 | Build | Castle |
| 21:38 | Queue | Villager (Male) |
| 21:38 | Queue | Villager (Male) |
Build order — Matasariano9065
105 actions detected in the replay
| 0:01 | Queue | Villager (Male) |
| 0:01 | Queue | Villager (Male) |
| 0:02 | Build | House |
| 0:05 | Research | Loom |
| 0:17 | Build | House |
| 0:23 | Queue | Villager (Male) |
| 0:23 | Queue | Villager (Male) |
| 0:24 | Queue | Villager (Male) |
| 1:18 | Queue | Villager (Male) |
| 1:59 | Queue | Villager (Male) |
| 2:23 | Queue | Villager (Male) |
| 2:23 | Queue | Villager (Male) |
| 2:24 | Queue | Villager (Male) |
| 2:48 | Queue | Villager (Male) |
| 2:51 | Build | Lumber Camp |
| 3:11 | Build | House |
| 3:12 | Build | House |
| 3:16 | Queue | Villager (Male) |
| 3:17 | Queue | Villager (Male) |
| 3:24 | Queue | Villager (Male) |
| 3:25 | Queue | Villager (Male) |
| 3:47 | Queue | Villager (Male) |
| 3:48 | Queue | Villager (Male) |
| 4:17 | Queue | Villager (Male) |
| 4:17 | Queue | Villager (Male) |
| 4:42 | Queue | Villager (Male) |
| 4:47 | Queue | Villager (Male) |
| 4:55 | Queue | Villager (Male) |
| 5:13 | Queue | Villager (Male) |
| 5:13 | Queue | Villager (Male) |
| 5:49 | Queue | Villager (Male) |
| 5:54 | Queue | Villager (Male) |
| 5:54 | Queue | Villager (Male) |
| 6:01 | Build | Barracks |
| 6:37 | Build | House |
| 7:03 | Research | Feudal Age |
| 7:05 | Queue | Militia |
| 7:05 | Queue | Militia |
| 7:42 | Queue | Militia |
| 7:54 | Queue | Villager (Male) |
| 8:11 | Build | Mining Camp |
| 8:57 | Queue | Villager (Male) |
| 9:01 | Queue | Militia |
| 9:23 | Build | Watch Tower |
| 9:26 | Research | Man-at-Arms (upgrade) |
| 9:27 | Queue | Villager (Male) |
| 9:40 | Build | House |
| 9:44 | Research | Double-Bit Axe |
| 10:01 | Build | Archery Range |
| 10:10 | Queue | Villager (Male) |
| 10:39 | Queue | Villager (Male) |
| 10:56 | Queue | Militia |
| 10:56 | Queue | Militia |
| 11:37 | Queue | Archer |
| 11:37 | Queue | Archer |
| 11:53 | Queue | Villager (Male) |
| 12:00 | Build | Mill |
| 12:00 | Queue | Villager (Male) |
| 12:26 | Queue | Archer |
| 12:38 | Queue | Villager (Male) |
| 12:47 | Build | Market |
| 12:52 | Build | House |
| 12:53 | Build | House |
| 12:54 | Build | House |
| 12:54 | Build | House |
| 12:56 | Build | House |
| 12:56 | Queue | Villager (Male) |
| 13:29 | Build | Watch Tower |
| 13:33 | Queue | Villager (Male) |
| 13:50 | Build | Mining Camp |
| 13:55 | Build | House |
| 13:56 | Build | House |
| 13:57 | Build | House |
| 14:14 | Build | Mining Camp |
| 14:31 | Build | Blacksmith |
| 15:29 | Build | Watch Tower |
| 15:42 | Research | Fletching |
| 15:43 | Queue | Villager (Male) |
| 16:24 | Build | Watch Tower |
| 16:33 | Build | Palisade Gate |
| 16:52 | Build | Palisade Wall |
| 16:54 | Build | Palisade Wall |
| 16:58 | Build | Palisade Wall |
| 16:59 | Build | Palisade Gate |
| 17:01 | Build | Palisade Wall |
| 17:04 | Queue | Villager (Male) |
| 17:15 | Queue | Villager (Male) |
| 18:28 | Build | House |
| 18:43 | Build | Watch Tower |
| 18:46 | Queue | Archer |
| 18:46 | Queue | Archer |
| 18:48 | Queue | Villager (Male) |
| 19:08 | Build | Watch Tower |
| 19:33 | Queue | Archer |
| 19:33 | Queue | Archer |
| 20:04 | Queue | Villager (Male) |
| 20:21 | Queue | Villager (Male) |
| 20:42 | Build | Farm |
| 20:42 | Queue | Villager (Male) |
| 20:56 | Build | Palisade Gate |
| 20:58 | Build | Palisade Wall |
| 20:59 | Build | Palisade Wall |
| 21:00 | Build | Palisade Wall |
| 21:03 | Queue | Villager (Male) |
| 21:27 | Queue | Villager (Male) |
Match timeline
| 5:56 | Ouivoilà · first_building Donjon |
| 6:01 | Matasariano9065 · first_building Barracks |
| 9:25 | Ouivoilà · wall_segment Palisade Wall x5 |
| 9:53 | Ouivoilà · wall_segment Palisade Wall x1 |
| 9:53 | Ouivoilà · wall_segment Palisade Wall x1 |
| 10:01 | Matasariano9065 · first_building Archery Range |
| 10:17 | Ouivoilà · wall_segment Palisade Wall x1 |
| 10:21 | Ouivoilà · wall_segment Palisade Wall x1 |
| 10:26 | Ouivoilà · wall_segment Palisade Wall x1 |
| 11:11 | Ouivoilà · wall_segment Palisade Wall x5 |
| 11:17 | Ouivoilà · wall_segment Palisade Wall x4 |
| 12:23 | Ouivoilà · first_building Archery Range |
| 13:23 | Matasariano9065 · first_market_sell 100 wood |
| 13:25 | Matasariano9065 · first_market_buy 100 stone |
| 16:52 | Matasariano9065 · wall_segment Palisade Wall x1 |
| 16:54 | Matasariano9065 · wall_segment Palisade Wall x1 |
| 16:58 | Matasariano9065 · wall_segment Palisade Wall x1 |
| 17:01 | Matasariano9065 · wall_segment Palisade Wall x1 |
| 18:50 | Ouivoilà · first_market_buy 100 food |
| 19:02 | Ouivoilà · first_building Barracks |
| 20:58 | Matasariano9065 · wall_segment Palisade Wall x1 |
| 20:59 | Matasariano9065 · wall_segment Palisade Wall x1 |
| 21:00 | Matasariano9065 · wall_segment Palisade Wall x1 |
| 21:37 | Ouivoilà · first_building Castle |
| 21:44 | Matasariano9065 · resign |
[ AI ANALYSIS · 1 CREDIT ]
What really happened in this match?
Wolo.gg analyzes every decision: build order, eco, micro, common mistakes by bracket. Personalized analysis on WhatsApp or Discord in 30 seconds.
Civ guide
Sicilians
Perfil
Ouivoilà